 Dungeon Crawl Stone Soup version 0.26-a0-30-g56b8cd3df0 (webtiles) character file.

Game seed: 9630767482046273858, levelgen mode: deterministic

109 Hasart the Skirmisher (level 4, -2/35 HPs)
             Began as a Mummy Fighter on May 15, 2020.
             Slain by a jackal (3 damage)
             ... on level 3 of the Dungeon on May 30, 2020.
             The game lasted 00:06:36 (2754 turns).

Hasart the Skirmisher (Mummy Fighter)               Turns: 2754, Time: 00:06:37

Health: -2/35      AC:  9    Str: 20    XL:     4   Next: 60%
Magic:  4/4        EV:  7    Int:  7    God:
Gold:   142        SH:  9    Dex: 11    Spells: 3/3 levels left

rFire    x . .     SeeInvis .   a - +0 long sword
rCold    + . .     Gourm    .   c - +0 kite shield
rNeg     + + +     Faith    .   b - +0 scale mail
rPois    ∞         Spirit   .   (no helmet)
rElec    .         Reflect  .   (no cloak)
rCorr    .         Harm     .   e - +2 pair of gloves
MR       .....                  (no boots)
Stlth    ..........             (no amulet)
HPRegen  0.11/turn              (no ring)
MPRegen  0.09/turn              (no ring)

@: no status effects
A: no food or potions, fire vulnerability, cold resistance 1, negative energy
resistance 3, torment resistance, unbreathing
a: no special abilities


You were on level 3 of the Dungeon.
You were not hungry.

You visited 1 branch of the dungeon, and saw 3 of its levels.

You collected 142 gold pieces.

Inventory:

Hand Weapons
 a - a +0 long sword (weapon)
Missiles
 i - 4 boomerangs (quivered)
Armour
 b - a +0 scale mail (worn)
 c - a +0 kite shield (worn)
 e - a +2 pair of gloves (worn)
Wands
 h - a wand of flame (12)
Scrolls
 d - 4 scrolls of identify {unknown}
 f - a scroll of magic mapping {unknown}
 g - a scroll of amnesia {unknown}
 j - a scroll of blinking {unknown}


   Skills:
 + Level 3.4 Fighting
 * Level 2.6 Long Blades
 + Level 0.0 Throwing
 + Level 2.9 Armour
 + Level 1.2 Dodging
 + Level 2.8 Shields


You had 3 spell levels left.
You didn't know any spells.
Your spell library was empty.

Dungeon Overview and Level Annotations

Branches:
Dungeon (3/15)

Altars:
Nemelex Xobeh


Innate Abilities, Weirdness & Mutations

You do not eat or drink.
Your flesh is vulnerable to fire.
You are immune to poison.
Your flesh is cold resistant. (rC+)
You are immune to negative energy. (rN+++)
You are immune to unholy pain and torment.
You can survive without breathing.


Message History

You block the jackal's attack. The jackal closely misses you.
The jackal bites you but does no damage.
The jackal bites you.
* * * LOW HITPOINT WARNING * * *
You block the jackal's attack. The jackal completely misses you.
The jackal bites you but does no damage.
The jackal barely misses you. You block the jackal's attack.
The jackal bites you.
* * * LOW HITPOINT WARNING * * *
The jackal bites you but does no damage. x2
The jackal bites you.
* * * LOW HITPOINT WARNING * * *
You block the jackal's attack.
The jackal bites you but does no damage.
You block the jackal's attack. The jackal barely misses you.
The jackal bites you but does no damage. x3
You block the jackal's attack. The jackal barely misses you. x2
The jackal closely misses you.
You riposte.
You barely miss the jackal. You block the jackal's attack.
The jackal bites you.
You die...

#.# #.# #.#
#.# #.# #.#
### #K# #.#
#h#####.#
#h@.....#
#######.# #.#
#.# #.# #.#
## #.# ..
#.##########.
#)#........#.


You could see 2 jackals and a kobold.

Vanquished Creatures
  Jessica (D:2)
  2 adders (D:2)
  An ooze (D:2)
  A worm (D:2)
  3 dart slugs
  A leopard gecko (D:2)
  3 orcs (D:3)
  A giant cockroach (D:2)
  7 goblins
  8 hobgoblins
  2 jackals (D:3)
  A ball python (D:2)
  5 bats (D:2)
  2 frilled lizards
  5 kobolds
  5 rats
48 creatures vanquished.

Notes
Turn   | Place    | Note
-------+----------+-------------------------------------------
     0 | D:1      | Hasart the Mummy Fighter began the quest for the Orb.
     0 | D:1      | Reached XP level 1. HP: 18/18 MP: 1/1
   335 | D:1      | Reached XP level 2. HP: 15/24 MP: 2/2
  1250 | D:2      | Found a sparkling altar of Nemelex Xobeh.
  1250 | D:2      | Noticed Jessica
  1255 | D:2      | Killed Jessica
  1255 | D:2      | Reached XP level 3. HP: 29/29 MP: 3/3
  1468 | D:2      | Reached XP level 4. HP: 35/35 MP: 4/4
  1527 | D:2      | Reached skill level 1 in Dodging
  2087 | D:3      | Upgraded the game from 0.25-a0-1079-g858b6a6ff6 to
                  | 0.26-a0-30-g56b8cd3df0
  2750 | D:3      | HP: 1/35 [jackal (1)]
  2754 | D:3      | Slain by a jackal

Illustrated notes

Levels and vault maps discovered:
D:1:      minmay_arrival_hallway, layout_basic
D:2:      minmay_evil_eye, layout_basic, nemelex_lonely_heart_becter
D:3:      layout_basic, chequers_ecumenical_altar_grove

Skill      XL: |  1  2  3  4 |
---------------+-------------+-----
Long Blades    | 2 |  2.6
Dodging        | 1 |  1.2
Fighting       | |  3.4
Armour         | |  2.9
Shields        | |  2.8

Action                   |  1- 3 |  4- 6 || total
-------------------------+-------+-------++-------
Melee: Long sword        |   112 |    47 ||   159
Armor: Scale mail        |    53 |   167 ||   220
Dodge: Dodged            |    36 |   110 ||   146
Block: Kite shield       |    68 |   200 ||   268
       Rpst.: Long sword |    14 |    35 ||    49

Table legend:
 A = Non-vault XP
 B = Vault XP
 C = Vault XP percentage of total XP
 D = Non-vault monster count
 E = Vault monster count
 F = Vault count percentage of total count
                 A         B        C        D         E       F
            +---------+---------+-------+---------+---------+-------
      Total |     115 |      42 |  26.8 |      43 |       5 |  10.4
            +---------+---------+-------+---------+---------+-------
        D:1 |      24 |       0 |   0.0 |      13 |       0 |   0.0
        D:2 |      74 |      42 |  36.2 |      23 |       5 |  17.9
        D:3 |      17 |       0 |   0.0 |       7 |       0 |   0.0
            +---------+---------+-------+---------+---------+-------
